Map: [ESL] Oceanborn

Players

Aristori

  • Race: Zerg Zerg
  • Spawn Location: 11:00

PtitDrogo - Winner!

  • Race: Protoss Protoss
  • Spawn Location: 5:00

Event: ESL SC2 Masters 2024 Spring (Regional)

VOD

Have the link to the VOD?

Description

Time

  • Played on: April 17, 2024, 1:04 p.m.
  • Length: 12:03

All games in this series

Show
View Real Time Build Order
Export as new Build Order

Aristori Zerg 

Build Orders: Hatch First 

Get SALT Encoding   

  12  0:00  Drone  
  13  0:13  Overlord  
  13  0:16  Drone  
  14  0:32  Drone x2  
  16  0:44  Drone  
  17  0:52  Hatchery  
  17  0:56  Drone  
  17  1:00  Drone  
  18  1:10  Extractor  
  17  1:15  Spawning Pool  
  17  1:17  Drone  
  17  1:22  Drone  
  18  1:30  Drone  
  19  1:40  Drone  
  20  1:50  Overlord  
  20  2:02  Queen  
  20  2:03  Queen  
  20  2:05  Zergling x2, Drone  
  26  2:13  Zergling x2  
  27  2:16  Drone  
  27  2:20  Metabolic Boost  
  28  2:24  Drone  
  28  2:26  Drone  
  30  2:39  Queen  
  30  2:43  Hatchery  
  31  2:50  Overlord  
  31  2:53  Zergling x2  
  31  2:55  Drone x2  
  31  2:56  Drone  
  35  3:05  Overlord  
  35  3:07  Drone  
  35  3:10  Queen  
  38  3:14  Drone  
  38  3:15  Drone  
  38  3:16  Drone  
  41  3:22  Queen  
  41  3:24  Drone  
  41  3:26  Drone  
  45  3:28  Drone  
  45  3:33  Drone  
  47  3:43  Overlord  
  47  3:44  Drone x5  
  52  3:54  Queen  
  53  3:56  Spore Crawler  
  53  3:58  Queen  
  54  4:06  Drone x5  
  54  4:07  Drone  
  60  4:19  Overlord x2  
  60  4:20  Drone x2  
  60  4:35  Drone x6  
  65  4:44  Roach Warren  
  65  4:45  Evolution Chamber, Drone x4  
  68  4:50  Spore Crawler  
  68  4:52  Spore Crawler  
  65  4:54  Drone x9  
  65  4:59  Lair  
  74  5:06  Drone x5  
  79  5:12  Extractor  
  78  5:18  Drone x4  
  82  5:22  Extractor x2  
  82  5:23  Zerg Missile Weapons Level 1  
  82  5:27  Extractor  
  79  5:29  Overlord  
  79  5:32  Spore Crawler  
  79  5:34  Zergling x8  
  82  5:36  Hatchery  
  82  5:41  Drone  
  82  5:42  Overlord x2  
  82  5:44  Baneling Nest  
  81  5:53  Overlord x2  
  81  5:55  Drone x4  
  81  5:56  Drone x5  
  90  6:04  Queen  
  92  6:12  Drone x6  
  92  6:15  Glial Reconstitution, Hatchery  
  92  6:16  Overseer  
  97  6:22  Overlord  
  97  6:24  Overseer  
  94  6:35  Spore Crawler  
  94  6:37  Drone  
  94  6:38  Drone x8  
  100  6:50  Roach x6  
  100  6:51  Roach x6  
  100  6:52  Centrifugal Hooks  
  124  6:58  Overlord  
  124  6:59  Zergling x4  
  124  7:00  Zergling x2  
  123  7:16  Extractor  
  123  7:18  Drone x8  
  127  7:27  Zergling x18  
  127  7:29  Zerg Missile Weapons Level 2  
  136  7:36  Zergling x10  
  141  7:37  Overseer  
  141  7:43  Overlord x3  
  141  7:47  Roach x4  
  149  7:54  Overlord x4  
  149  7:55  Extractor  
  149  7:58  Overlord  
  148  7:59  Hatchery  
  148  8:05  Roach x10  
  167  8:09  Overlord  
  167  8:16  Zergling x18  
  176  8:22  Ravager  
  176  8:23  Ravager x7  
  176  8:26  Zergling x10  
  189  8:28  Baneling  
  189  8:29  Baneling x19  
  189  8:39  Zergling x2  
  189  8:40  Zergling x14  
  196  8:48  Zergling x6  
  194  8:57  Zergling x12  
  194  9:00  Baneling x9  
  194  9:01  Baneling x15  
  188  9:06  Drone x5  
  191  9:10  Infestation Pit  
  191  9:14  Zergling x20  
  173  9:36  Roach x12  
  153  9:40  Roach x7  
  143  9:54  Roach x5  
  143  9:55  Queen  
  144  10:02  Roach x4  
  148  10:07  Roach  
  133  10:15  Roach x5  
  133  10:18  Ravager x4  
  133  10:21  Drone x4  
  126  10:24  Ravager  
  127  10:36  Ravager x2  
  127  10:37  Zergling x14  
  127  10:42  Drone x4  
  140  10:49  Hive  
  136  11:02  Ravager x2  
  136  11:03  Roach x2  
  133  11:14  Roach x3  
  133  11:16  Zergling x28  
  131  11:24  Ravager x3  
  129  11:31  Roach  
  129  11:32  Roach  
  130  11:36  Baneling  
  130  11:37  Baneling x7  
  120  11:43  Roach  
Show
View Real Time Build Order
Export as new Build Order

PtitDrogo Protoss - Winner!

Build Orders: 1 Gate Expand, Oracle Opening, Archon Immortal 

Get SALT Encoding   

  12  0:00  Probe  
  13  0:12  Probe  
  14  0:19  Pylon  
  14  0:24  Probe  
  15  0:37  Probe (Chrono Boost)  
  15  0:40  Gateway  
  16  0:47  Probe (Chrono Boost)  
  17  0:50  Assimilator  
  17  0:52  Probe (Chrono Boost)  
  18  1:03  Probe  
  19  1:16  Probe  
  20  1:26  Nexus  
  20  1:36  Cybernetics Core  
  20  1:39  Probe  
  21  1:45  Assimilator  
  21  1:51  Probe  
  21  1:53  Pylon  
  22  2:03  Probe  
  23  2:10  Adept (Chrono Boost)  
  25  2:16  Probe  
  25  2:20  Stargate  
  26  2:28  Probe (Chrono Boost)  
  27  2:31  Warp Gate  
  27  2:32  Adept  
  29  2:39  Probe (Chrono Boost)  
  31  2:46  Probe (Chrono Boost)  
  31  2:49  Probe (Chrono Boost)  
  32  2:53  Probe (Chrono Boost)  
  32  2:54  Probe (Chrono Boost)  
  34  3:01  Oracle (Chrono Boost)  
  34  3:04  Probe  
  38  3:08  Probe, Pylon  
  39  3:16  Gateway, Probe  
  40  3:20  Probe  
  41  3:28  Probe, Oracle (Chrono Boost)  
  41  3:33  Probe  
  46  3:40  Probe  
  47  3:45  Nexus  
  47  3:46  Probe  
  48  3:51  Pylon  
  48  3:53  Probe  
  49  3:58  Oracle  
  49  4:00  Probe  
  53  4:05  Probe (Chrono Boost)  
  53  4:06  Pylon  
  53  4:07  Assimilator  
  54  4:10  Assimilator  
  54  4:12  Probe (Chrono Boost)  
  56  4:17  Probe (Chrono Boost)  
  56  4:19  Adept  
  56  4:23  Probe (Chrono Boost)  
  59  4:24  Probe (Chrono Boost)  
  59  4:28  Probe (Chrono Boost)  
  61  4:36  Probe  
  62  4:39  Probe  
  62  4:42  Twilight Council, Robotics Facility  
  62  4:43  Forge  
  63  4:49  Probe (Chrono Boost), Zealot x2  
  68  4:56  Probe (Chrono Boost)  
  68  4:58  Probe (Chrono Boost), Shield Battery  
  70  5:01  Gateway  
  70  5:03  Gateway  
  70  5:06  Probe (Chrono Boost)  
  73  5:07  Probe (Chrono Boost)  
  73  5:09  Probe (Chrono Boost)  
  73  5:12  Probe (Chrono Boost)  
  73  5:13  Probe (Chrono Boost)  
  74  5:16  Protoss Ground Weapons Level 1 (Chrono Boost)  
  74  5:20  Probe (Chrono Boost)  
  76  5:21  Charge  
  76  5:24  Probe (Chrono Boost)  
  76  5:27  Templar Archives  
  78  5:30  Probe (Chrono Boost)  
  78  5:32  Pylon  
  78  5:33  Probe (Chrono Boost)  
  78  5:34  Probe (Chrono Boost)  
  80  5:36  Observer (Chrono Boost)  
  80  5:37  Probe (Chrono Boost)  
  80  5:39  Probe  
  80  5:41  Probe  
  80  5:42  Assimilator  
  84  5:43  Assimilator  
  84  5:48  Warp Prism (Chrono Boost)  
  84  5:49  Probe  
  85  5:51  Probe  
  85  5:53  Probe  
  85  5:55  Gateway  
  89  5:57  Gateway  
  89  5:59  Gateway  
  89  6:01  Probe, Psionic Storm  
  89  6:02  Gateway  
  89  6:03  Probe  
  91  6:06  Probe  
  92  6:11  Pylon  
  92  6:13  Probe  
  92  6:14  Pylon  
  92  6:17  Pylon  
  93  6:29  Probe  
  94  6:36  Probe  
  95  6:41  High Templar x4  
  103  6:47  Nexus  
  103  6:48  Pylon  
  103  6:49  Pylon  
  103  6:51  Probe  
  103  6:52  Stalker, Photon Cannon  
  106  6:55  Zealot x2  
  106  6:59  Probe  
  115  7:01  Immortal (Chrono Boost)  
  115  7:10  Probe  
  114  7:26  Probe  
  114  7:29  High Templar x5  
  123  7:30  Photon Cannon, Zealot x3  
  123  7:31  Photon Cannon  
  123  7:33  Photon Cannon, Archon  
  123  7:34  Archon  
  123  7:35  Immortal (Chrono Boost), Shield Battery  
  133  7:38  Observer, Photon Cannon  
  133  7:40  Photon Cannon  
  133  7:42  Protoss Ground Weapons Level 2 (Chrono Boost)  
  133  7:51  Gateway x2  
  133  7:57  Observer  
  133  7:58  Probe x2  
  133  8:00  Pylon  
  133  8:02  Zealot x4, Pylon x2  
  133  8:04  Zealot x2  
  147  8:06  Probe  
  148  8:18  Probe  
  148  8:19  Immortal (Chrono Boost)  
  153  8:23  Probe x2  
  153  8:25  Pylon  
  153  8:26  High Templar x4  
  162  8:27  Assimilator, Zealot x4  
  162  8:29  Assimilator  
  162  8:30  Archon x2  
  170  8:35  Probe  
  170  8:38  Gateway  
  170  8:40  Pylon  
  171  8:46  Observer (Chrono Boost)  
  172  8:49  Zealot x4  
  176  9:01  Immortal (Chrono Boost)  
  176  9:02  High Templar x2  
  172  9:03  Zealot x2  
  172  9:08  Gateway  
  176  9:10  Pylon  
  176  9:11  Archon, Pylon  
  176  9:12  Blink (Chrono Boost)  
  176  9:13  Zealot x4  
  176  9:15  Pylon  
  172  9:36  Archon  
  172  9:37  Zealot x5  
  172  9:38  Zealot x2  
  153  9:51  Zealot  
  153  9:52  Zealot  
  150  9:54  Immortal (Chrono Boost)  
  150  9:58  Zealot x7  
  146  10:15  Zealot x3  
  140  10:23  High Templar x3  
  140  10:24  High Templar x2, Zealot x2  
  140  10:25  Probe x3  
  149  10:31  Immortal (Chrono Boost)  
  153  10:44  High Templar x6  
  153  10:45  Zealot  
  153  10:48  Nexus  
  153  10:49  Pylon  
  167  10:50  Archon x2  
  167  10:53  Archon x2  
  167  10:54  Archon  
  159  11:01  Stalker x5  
  159  11:02  Observer  
  170  11:07  Stalker  
  169  11:17  Stalker x5  
  169  11:18  Stalker  
  179  11:21  Immortal  
  183  11:26  Photon Cannon  
  183  11:27  Photon Cannon  
  183  11:29  Shield Battery  
  179  11:37  Zealot x5  
  183  11:51  Archon  
Tags
 
Add a new tag
Caveats
  • Supply blocks, unpowered buildings, or Contaminate may cause inaccurate times.
  • Supply counts are checked every 10 seconds.